 Dungeon Crawl Stone Soup version 0.29.1-1-gd02db6906a (webtiles) character file.

Game seed: 9645849239303973962

24 gzilladon the Chopper (level 3, -2/34 HPs)
             Began as a Hill Orc Monk on Sept 26, 2022.
             Killed from afar by Natasha (8 damage)
             ... with a magic dart
             ... on level 2 of the Dungeon.
             The game lasted 00:02:57 (939 turns).

gzilladon the Chopper (Hill Orc Monk)                Turns: 939, Time: 00:02:58

Health: -2/34      AC:  8    Str: 15    XL:     3   Next: 2%
Magic:  3/3        EV: 11    Int: 16    God:
Gold:   24         SH:  0    Dex: 13    Spells: 2/2 levels left

rFire   . . .      SeeInvis .   a - +0 hand axe
rCold   . . .      Faith    .   (no shield)
rNeg    . . .      Spirit   .   g - +0 chain mail
rPois   .          Reflect  .   (no helmet)
rElec   .          Harm     .   (no cloak)
rCorr   .          Rampage  .   (no gloves)
Will    .....                   (no boots)
Stlth   ..........              (no amulet)
HPRegen 0.11/turn               h - +4 ring of evasion
MPRegen 0.08/turn               i - +6 ring of intelligence

@: no status effects
A: no striking features
a: no special abilities


You were on level 2 of the Dungeon.
You visited 1 branch of the dungeon, and saw 3 of its levels.

You collected 24 gold pieces.

Inventory:

Hand Weapons
 a - a +0 hand axe (weapon)
Missiles
 d - 10 stones (quivered)
 e - 5 atropa-tipped darts
Armour
 b - a +0 robe
 g - a +0 chain mail (worn)
Jewellery
 h - a +4 ring of evasion (left hand)
 i - a +6 ring of intelligence (right hand)
Scrolls
 f - a scroll of poison {unknown}
Potions
 c - a potion of ambrosia


   Skills:
 + Level 4.3 Fighting
 + Level 4.4 Axes
 + Level 2.6 Dodging
 - Level 1.6 Stealth


You had 2 spell levels left.
You didn't know any spells.
Your spell library contained the following spells:

 Spells                   Type           Power      Damage    Failure   Level
 Foxfire                  Conj/Fire      0%         2x1d4     100%        1
 Slow                     Hex            0%         N/A       100%        1
 Confusing Touch          Hex            0%         N/A       100%        3
 Conjure Flame            Conj/Fire      0%         6-21      100%        3
 Inner Flame              Hex/Fire       0%         N/A       100%        3
 Vampiric Draining        Necr           0%         2d6       100%        3
 Flame Wave               Conj/Fire      0%         2d4       100%        4


Dungeon Overview and Level Annotations

Branches:
Dungeon (3/15)

Altars:

Annotations:
D:2 Natasha


Message History

You hit the endoplasm.
You kill the endoplasm!
You have reached level 3!
Your experience leads to an increase in your attributes!
Your base attributes are Str 13, Int 10, Dex 13.
Increase (S)trength, (I)ntelligence, or (D)exterity?
You feel stronger. x2
You start resting.
HP restored.
You open the door.
There is an open door here.
You open the door.
Natasha, Servant of Life and Death comes into view.
She is carrying a wand of flame (25).
Natasha hisses angrily.
Natasha zaps a wand.
The puff of flame hits you!
There is an open door here.
Natasha stares at you and mumbles some strange words.
The magic dart hits you.
You hit Natasha.
Natasha is lightly wounded.
Natasha claws you but does no damage.
You closely miss Natasha.
Natasha is lightly wounded.
Natasha claws you.
You slash Natasha!
Natasha is severely wounded.
Natasha zaps a wand.
The puff of flame hits you!
* * * LOW HITPOINT WARNING * * *
You hit Natasha but do no damage.
Natasha is severely wounded.
Natasha claws you.
* * * LOW HITPOINT WARNING * * *
You closely miss Natasha.
Natasha is severely wounded.
Natasha closely misses you.
You hit Natasha.
Natasha is almost dead.
Natasha mumbles some strange words.
Natasha casts a spell at you. The magic dart hits you!
You die...

.....# ########
........ .#######
.# ########## .#
#........# .#
###### #........#
.#
#....###........#
.#
#....'.'.@h.....+
.#
#....###..5.....#
.# #....#
#........# .#
#....# #........#
.# #.####
########## .# #.#
.# #.# .# #.# .#
#.#


You could see Natasha and a shadow imp (summoned).

Vanquished Creatures
  An adder (D:2)
  A dart slug (D:2)
  4 ball pythons
  An endoplasm (D:2)
  A goblin (D:2)
  A hobgoblin (D:2)
  A bat (D:2)
  2 frilled lizards (D:2)
  A rat (D:2)
13 creatures vanquished.

Vanquished Creatures (others)
  2 fungi (D:2)
  4 plants (D:2)
6 creatures vanquished.

Grand Total: 19 creatures vanquished

Notes
Turn   | Place    | Note
-------+----------+-------------------------------------------
     0 | D:1      | gzilladon the Hill Orc Monk began the quest for the Orb.
     0 | D:1      | Reached XP level 1. HP: 19/19 MP: 1/1
   283 | D:3      | Noticed an orc wizard
   311 | D:2      | Reached XP level 2. HP: 23/27 MP: 2/2
   587 | D:2      | Found a faded altar of an unknown god.
   859 | D:2      | Reached XP level 3. HP: 28/34 MP: 3/3
   930 | D:2      | Noticed Natasha
   939 | D:2      | Killed from afar by Natasha

Illustrated notes

Levels and vault maps discovered:
D:1:      matt_arrival_spirals, layout_loops_ring, amcnicky_mini_pool_small,
          hangedman_abyss_or_decor_stabs, minmay_misc_feat_room,
          minmay_misc_feat_ornament, serial_park_tiny_2,
          minmay_shallow_snake_nest
D:2:      layout_basic, shapermc_ecumenical_altar_mp_urbaneastern, uniq_natasha
D:3:      layout_basic, grunt_temple_overflow_open, ebering_ghost_inner_flame,
          minmay_pentomino_pile

Skill      XL: |  1  2 |
---------------+-------+-----
Fighting       | 4 |  4.3
Axes           | |  4.4
Dodging        | |  2.6
Stealth        | |  1.6

Action                   || total
-------------------------++-------
Melee: Hand axe          ||    47
Armor: Chain mail        ||    13
       Robe              ||     2
Dodge: Dodged            ||    15
